 Dungeon Crawl Stone Soup version 0.25-a0-404-gc1b5a34292 (webtiles) character file.

Game seed: 13142350792076145793, levelgen mode: deterministic

17 Jerej03 the Skirmisher (level 2, 0/24 HPs)
             Began as a Demonspawn Chaos Knight on Jan 11, 2020.
             Was a Plaything of Xom.
             Succumbed to a kobold's poison
             ... on level 2 of the Dungeon.
             The game lasted 00:02:27 (801 turns).

Jerej03 the Skirmisher (Demonspawn Chaos Knight)     Turns: 801, Time: 00:02:27

Health: 0/24       AC: 13    Str: 11 (12) XL:     2   Next: 44%
Magic:  2/2        EV:  5    Int: 12 (13) God:    Xom [.....*]
Gold:   61         SH:  0    Dex:  9 (12) Spells: 1/1 levels left

rFire    + . .     SeeInvis .   a - +0 mace (chaos)
rCold    . . .     Gourm    .   (no shield)
rNeg     . . .     Faith    .   k - +0 chain mail
rPois    .         Spirit   .   (no helmet)
rElec    .         Reflect  .   (no cloak)
rCorr    .         Harm     .   (no gloves)
MR       .....                  g - +0 pair of boots
Stlth    ..........             (no amulet)
HPRegen  0.08/turn              d - +2 ring of protection
MPRegen  0.08/turn              (no ring)

@: lethally poisoned (0 -> -33)
A: thin metallic scales 1, fire resistance 1
a: Renounce Religion


You were on level 2 of the Dungeon.
You worshipped Xom.
You were Xom's teddy bear.
You were not hungry.

You visited 1 branch of the dungeon, and saw 2 of its levels.

You collected 61 gold pieces.

Inventory:

Hand Weapons
 a - a +0 mace of chaos (weapon)
Armour
 b - a +2 leather armour
 g - a +0 pair of boots (worn)
 k - a +0 chain mail (worn)
Jewellery
 d - a +2 ring of protection (left hand)
Scrolls
 e - a scroll of identify {unknown}
 i - a scroll of immolation {unknown}
 l - a scroll of teleportation
Potions
 j - a potion of curing {unknown}
Comestibles
 c - 4 rations
 h - 3 chunks of flesh


   Skills:
 + Level 3.2 Fighting
 + Level 3.1 Maces & Flails
 + Level 2.0 Armour
 + Level 0.9 Dodging


You had one spell level left.
You didn't know any spells.
Your spell library was empty.

Dungeon Overview and Level Annotations

Branches:
Dungeon (2/15)

Altars:


Innate Abilities, Weirdness & Mutations

You are partially covered in thin metallic scales. (AC +2)
Your flesh is heat resistant. (rF+)


Message History

You are more poisoned.
Your chain mail prevents you from hitting the kobold.
The kobold is moderately wounded.
You feel very sick. The kobold hits you but does no damage.
You are more poisoned.
The kobold hits you but does no damage.
You hit the kobold. You burn the kobold.
You kill the kobold!
* * * LOW HITPOINT WARNING * * *
You feel very sick.
* * * LOW HITPOINT WARNING * * *
You feel very sick.
Things that are here:
a +1 dagger of venom; a kobold corpse It was a potion of degeneration.
There was something very wrong with that liquid.
You feel weakened.
You feel dopey.
You feel clumsy.
You die...
Xom cackles wildly!

#...<..#..(..
#.###.##.(...
#+#
#.#...รท.(#+##
######.#
#.#.######
#......###.#)
#..........#
#......#####
#......#
#....@.#
#......#
#......#
#......#
#..?...#
########


There were no monsters in sight!

Vanquished Creatures
  An ooze (D:1)
  A dart slug (D:1)
  A goblin (D:2)
  2 hobgoblins (D:1)
  2 kobolds
  2 frilled lizards
  2 rats
11 creatures vanquished.

Notes
Turn   | Place    | Note
-------+----------+-------------------------------------------
     0 | D:1      | Jerej03 the Demonspawn Chaos Knight began the quest for the
                  | Orb.
     0 | D:1      | Reached XP level 1. HP: 18/18 MP: 1/1
    62 | D:1      | XOM: harmless Fire miscast
   259 | D:1      | XOM: give mutation
   259 | D:1      | Gained mutation: Your flesh is heat resistant. (rF+) [Xom's
                  | grace]
   542 | D:1      | Gained mutation: You are partially covered in thin metallic
                  | scales. (AC +2) [demonic ancestry]
   542 | D:1      | Reached XP level 2. HP: 24/24 MP: 2/2
   801 | D:2      | Succumbed to a kobold's poison

Levels and vault maps discovered:
D:1:      saegor_arrival_under_anarchy, layout_basic
D:2:      layout_basic, old_standard_altar, first_ration

Skill      XL: |  1 |
---------------+----+-----
Maces & Flails | 3 |  3.1
Armour         | 2 |  2.0
Fighting       | |  3.2
Dodging        | |  0.9

Action                   || total
-------------------------++-------
Melee: Mace              ||    29
  Use: Scroll            ||     2
       Potion            ||     1
Armor: Leather armour    ||     8
       Chain mail        ||     8
Dodge: Dodged            ||    12

Table legend:
 A = Non-vault XP
 B = Vault XP
 C = Vault XP percentage of total XP
 D = Non-vault monster count
 E = Vault monster count
 F = Vault count percentage of total count
                 A         B        C        D         E       F
            +---------+---------+-------+---------+---------+-------
      Total |      25 |       0 |   0.0 |      11 |       0 |   0.0
            +---------+---------+-------+---------+---------+-------
        D:1 |      19 |       0 |   0.0 |       7 |       0 |   0.0
        D:2 |       6 |       0 |   0.0 |       4 |       0 |   0.0
            +---------+---------+-------+---------+---------+-------
